 Dungeon Crawl Stone Soup version 0.17-a0-1840-g87820a2 (webtiles) character file.

112 4thArraOfDagon the Ruffian (level 4, -13/60 HPs)
             Began as a Centaur Berserker on Sept 16, 2015.
             Was a Believer of Trog.
             Mangled by an orc warrior
             ... wielding a +0 dire flail
              (14 damage)
             ... on level 5 of the Dungeon.
             The game lasted 00:04:06 (962 turns).

4thArraOfDagon the Ruffian (Centaur Berserker)       Turns: 962, Time: 00:04:06

Health: -13/60     AC:  5    Str: 26    XL:     4   Next: 64%
Magic:  4/4        EV:  9    Int:  6    God:    Trog [**....]
Gold:   79         SH:  0    Dex:  8    Spells: 0 memorised, 3 levels left

rFire  . . .     SeeInvis .       - Unarmed
rCold  . . .     Clarity  .     k - +0 ring mail
rNeg   + . .     SustAt   .     (no shield)
rPois  .         Gourm    .     (no helmet)
rElec  .         Spirit   .     (no cloak)
rCorr  .         Warding  +     (no gloves)
rMut   .         Stasis   .     (no barding)
MR     .....                    j - amulet of warding
Stlth  ..........               (no ring)
                                l - ring of loudness (curse)

@: berserking (expiring), very quick, not resistant to hostile enchantments,
extremely unstealthy
A: hooves 3, deformed body, speed 2, tough skin 3
a: Burn Spellbooks, Berserk, Trog's Hand, Renounce Religion


You were on level 5 of the Dungeon.
You worshipped Trog.
Trog was pleased with you.
You were not hungry.

You visited 1 branch of the dungeon, and saw 5 of its levels.

You collected 79 gold pieces.

Inventory:

Armour
 k - a +0 ring mail (worn)
Jewellery
 j - an amulet of warding (around neck)
 l - a cursed ring of loudness (left hand)
Scrolls
 c - 3 scrolls of remove curse {unknown}
 e - a scroll of teleportation {unknown}
Potions
 g - 2 potions of haste {unknown}
 h - 2 potions of agility {unknown}
 i - a potion of curing {unknown}
Comestibles
 a - 4 chunks of flesh
 b - a bread ration
 d - a royal jelly
 f - a meat ration
 m - a slice of pizza


   Skills:
 + Level 3.8 Fighting
 + Level 1.7 Armour
 + Level 2.1 Dodging
 * Level 4.1 Unarmed Combat


You had 3 spell levels left.
You didn't know any spells.

Dungeon Overview and Level Annotations

Branches:
Dungeon (5/15)
 Temple: D:4-7

Altars:
Vehumet


Innate Abilities, Weirdness & Mutations

You have hooves in place of feet.
Armour fits poorly on your strangely shaped body.
You cover ground very quickly.
You have extremely tough skin (AC +3).


Message History

Unknown command.
Unknown command.
You hit the orc warrior but do no damage.
You kick the orc warrior, but do no damage.
The orc warrior is severely wounded.
The orc hits you with a club.
* * * LOW HITPOINT WARNING * * *
The worker ant bites you.
* * * LOW HITPOINT WARNING * * *
Unknown command.
Unknown command.
Unknown command.
You hit the orc warrior. Your kick misses the orc warrior.
The orc warrior is almost dead.
The giant frog zombie hits you.
* * * LOW HITPOINT WARNING * * *
The worker ant bites you but does no damage.
The giant cockroach zombie closely misses you.
The orc warrior hits you with a dire flail!
You die...

#....#
#....##
#.....#
##....#
#....#
###..#
#+########.#
........aoZ#
........Z@.#
........o..#
#######'####
#...#
#.....#
#.......#
#.......#
#.......#
##.....##


You could see an orc warrior, a worker ant, an orc, a giant frog zombie and a
giant cockroach zombie.

Vanquished Creatures
  A worker ant (D:5)
  A hound skeleton (D:4)
  4 adders
  2 orcs
  3 bats
  5 giant cockroaches
  2 goblins
  3 hobgoblins
  3 jackals (D:2)
  3 quokkas
  A ball python (D:2)
  4 giant newts
  4 kobolds
  4 rats
40 creatures vanquished.

Notes
Turn   | Place    | Note
--------------------------------------------------------------
     0 | D:1      | 4thArraOfDagon the Centaur Berserker began the quest for the Orb.
     0 | D:1      | Reached XP level 1. HP: 19/19 MP: 1/1
   368 | D:2      | Reached XP level 2. HP: 26/26 MP: 2/2
   389 | D:2      | Found a radiant altar of Vehumet.
   469 | D:2      | Reached XP level 3. HP: 31/31 MP: 3/3
   491 | D:2      | Acquired Trog's second power
   742 | D:4      | Reached XP level 4. HP: 31/40 MP: 4/4
   821 | D:5      | Entered Level 5 of the Dungeon
   830 | D:5      | Reached skill level 4 in Unarmed Combat
   874 | D:5      | Noticed an orc warrior
   961 | D:5      | HP: 3/60 [worker ant (2)]
   962 | D:5      | HP: 1/60 [giant frog zombie (2)]
   962 | D:5      | Mangled by an orc warrior

Vault maps used:
D:1:      wheals_arrival_shading
D:2:      nicolae_overflow_hidden_temple, item_on_display_a
D:3:      xom_teletrap_fun, uniq_robin
D:4:      serial_co_window_serial, co_window_paths_b, co_window_paths_b,
          co_window_paths_b, co_window_paths_b, co_window_corner_a,
          co_window_2corner, co_window_2corner, co_window_paths_c,
          co_window_broadway_c, co_window_paths_c, co_window_broadway_c,
          co_window_4corner_b, glass_columns_b, glass_columns_b, glass_columns_a
D:5:      minmay_opposing_rooms, first_bread, uniq_edmund

Action                   |  1- 3 |  4- 6 || total
-------------------------+-------+-------++-------
Melee: Unarmed           |    88 |    21 ||   109
Invok: Berserk           |     5 |     3 ||     8
  Eat: Chunk             |     4 |     3 ||     7
